 Dungeon Crawl Stone Soup version 0.29-a0-251-g80730f7218 (webtiles) character file.

Game seed: 6687588554317192324

6148 Morbidden the Thaumaturge (level 11, -2/74 HPs)
             Began as a Djinni Fire Elementalist on Mar 5, 2022.
             Was an Elder of Cheibriados.
             Slain by a sun demon (20 damage)
             ... summoned by a kobold demonologist
             ... on level 9 of the Dungeon.
             The game lasted 00:21:56 (12178 turns).

Morbidden the Thaumaturge (DjFE)                   Turns: 12178, Time: 00:21:57

Health: -2/74      AC: 16    Str: 21    XL:     11   Next: 13%
Gold:   540        EV: 11    Int: 28    God:    Cheibriados [****..] SH:  6 Dex: 23

rFire   + + .      SeeInvis .   a - +1 dagger (venom)
rCold   x . .      Faith    .   m - +0 buckler
rNeg    . . .      Spirit   .   q - +1 chain mail {Will+}
rPois   ∞          Reflect  .   j - +0 hat {Will+}
rElec   .          Harm     .   (no cloak)
rCorr   .          Rampage  .   f - +1 pair of gloves
Will    +++..                   (boots unavailable)
Stlth   ..........              B - amulet of regeneration
HPRegen 1.02/turn               s - +4 ring of protection
MPRegen 0.00/turn               (no ring)

@: flying, very slow
A: sickness immunity, fire resistance 2, cold vulnerability 1, float, innate
caster, HP casting, extra vitality 1
a: Renounce Religion, Bend Time, Temporal Distortion, Slouch


You were on level 9 of the Dungeon.
You worshipped Cheibriados.
Cheibriados was greatly pleased with you.
You visited 2 branches of the dungeon, and saw 10 of its levels.
You also visited: Sewer.

You collected 540 gold pieces.

Inventory:

Hand Weapons
 a - a +1 dagger of venom (weapon)
 h - a +2 long sword of freezing
 D - a +1 scimitar
 E - a +3 great sword
Missiles
 z - a curare-tipped dart
Armour
 f - a +1 pair of gloves (worn)
 j - a +0 hat of willpower (worn)
 m - a +0 buckler (worn)
 q - a +1 chain mail of willpower (worn)
Jewellery
 s - a +4 ring of protection (left hand)
 B - an amulet of regeneration (around neck)
 C - a ring of fire
Wands
 g - a wand of paralysis (22)
 l - a wand of flame (50)
 p - a wand of digging (10)
Scrolls
 b - a scroll of torment {unknown}
 i - a scroll of brand weapon {unknown}
 k - 2 scrolls of enchant armour {unknown}
 n - 4 scrolls of identify
 r - 2 scrolls of noise {unknown}
 t - 2 scrolls of vulnerability {unknown}
 w - 2 scrolls of fear {unknown}
 x - a scroll of summoning {unknown}
 y - 2 scrolls of blinking {unknown}
 A - 3 scrolls of amnesia {unknown}
 G - 2 scrolls of teleportation {unknown}
Potions
 c - 2 potions of curing
 d - 4 potions of brilliance
 e - 2 potions of flight
 o - a potion of mutation {unknown}
 u - 3 potions of invisibility
 v - a potion of heal wounds
 F - a potion of attraction {unknown}


   Skills:
 * Level 4.8 Fighting
 + Level 1.3 Short Blades
 + Level 3.5 Armour
 * Level 5.6 Dodging
 + Level 3.1 Stealth
 + Level 4.0 Shields
 * Level 3.2 Unarmed Combat
 * Level 9.4 Spellcasting
 * Level 3.9 Invocations


You had one spell level left.
You knew the following spells:

 Your Spells              Type           Power      Damage    Failure   Level
a - Scorch                Fire           100%       2d10      1%          2
b - Inner Flame           Hex/Fire       60%        N/A       3%          3
c - Conjure Flame         Conj/Fire      60%        6-21      3%          3
d - Ice Form              Ice/Tmut       60%        N/A       11%         4
e - Leda's Liquefaction   Hex/Erth       30%        N/A       11%         4
f - Sandblast             Erth           100%       2d20      1%          1
g - Portal Projectile     Hex/Tloc       100%       N/A       3%          3
q - Foxfire               Conj/Fire      100%       2x1d9     1%          1
x - Flame Wave            Conj/Fire      60%        2d12      11%         4
z - Ensorcelled Hibernat  Hex/Ice        100%       N/A       1%          2
Your spell library was empty.

Dungeon Overview and Level Annotations

Branches:
Dungeon (9/15)             Temple (1/1) D:4           Sewer (visited)
   Lair: D:8-11         Orc: D:9-12

Altars:
Ashenzari
Cheibriados
Dithmenos
Elyvilon
Fedhas
Gozag
Hepliaklqana
Kikubaaqudgha
Makhleb
Nemelex Xobeh
Okawaru
Qazlal
Ru
Sif Muna
Trog
Uskayaw
Vehumet
Wu Jian
Xom
Yredelemnul
Zin
The Shining One

Shops:
D:9 *

Annotations:
D:6 3 runed translucent doors, Loefaen's ghost, novice DjGl


Innate Abilities, Weirdness & Mutations

You are immune to sickness and miasma.
You are immune to poison.
Your flesh is very heat resistant. (rF++)
You are vulnerable to cold. (rC-)
You float through the air rather than walking.
You learn spells naturally, not from books.
Your magical power is your life essence.
You have superior vitality. (+4 MHP)


Message History

The kobold demonologist is moderately wounded.
The kobold demonologist's fire resistance burns away.
The foxfire hits the white imp but does no damage.
The kobold demonologist is engulfed in blazing flames.
Flame seeps out of the kobold demonologist.
The kobold demonologist is engulfed in blazing flames.
Flame seeps out of the kobold demonologist.
The boulder beetle curls into a ball and begins rolling!
The white imp gestures at you.
The puff of frost hits you but does no damage.
Casting: Scorch (safe; 1% risk of failure)
Confirm with . or Enter, or press ? or * to list all spells.
Flames lash the white imp.
The white imp is burned terribly!
You kill the white imp!
The white imp disappears in a puff of smoke!
The kobold demonologist casts a spell.
The boulder beetle stops rolling and uncurls.
You block the sun demon's attack.
Unknown command.
Casting: Scorch (safe; 1% risk of failure)
Confirm with . or Enter, or press ? or * to list all spells.
Flames lash the boulder beetle.
The boulder beetle is lightly wounded.
The boulder beetle's fire resistance burns away.
The sun demon hits you!
You are engulfed in flames.
You resist. The sun demon hits you!!
You are engulfed in flames.
You resist.
Unknown command.
Unknown command.
Unknown command.
Unknown command.
Casting: Scorch (safe; 1% risk of failure)
Confirm with . or Enter, or press ? or * to list all spells.
Flames lash the sun demon.
The sun demon completely resists.
The kobold demonologist is no longer more vulnerable to fire.
The boulder beetle leaps!
The sun demon hits you!
* * * LOW HITPOINT WARNING * * *
You are engulfed in flames.
You resist.
* * * LOW HITPOINT WARNING * * *
The sun demon hits you!!
You die...

...#
####.....#######
### .....#...#
######.#.# #.#.#
#.#.# #.#.#
#.#.# #.#.# #@#
#3# #K# #5# #.#
.{. ... ...
#...#


You could see a sun demon (summoned), a kobold demonologist (inner flame) and a
shadow imp (summoned).

Vanquished Creatures
  A centaur warrior (D:9)
  An unseen horror (D:6)
  A wraith (D:9)
  A wyvern (D:5)
  2 steam dragons
  5 yaks (D:8)
  8 water moccasins
  2 sky beasts (D:7)
  2 orc warriors
  An ice beast (D:5)
  2 ogres
  5 centaurs
  2 phantoms (D:4)
  Blork the orc (D:4)
  3 kobold brigands
  2 necrophages (D:6)
  2 gnoll sergeants
  2 bullfrogs
  A scorpion (D:6)
  3 wights (D:8)
  3 howler monkeys (D:7)
  2 gnoll shamans
  2 hounds
  A jelly (D:8)
  4 orc priests
  2 iguanas
  8 orc wizards
  29 gnolls
  7 adders
  A river rat (Sewer)
  An ufetubus (D:7)
  5 worms
  3 dart slugs
  24 orcs
  4 ball pythons
  15 endoplasms
  2 giant cockroaches (D:1)
  3 goblins
  3 hobgoblins
  2 jackals (D:4)
  17 kobolds
  3 quokkas
  8 bats
  4 frilled lizards
  9 rats
209 creatures vanquished.

Vanquished Creatures (collateral kills)
  4 foxfires (D:3)
4 creatures vanquished.

Vanquished Creatures (others)
  698 foxfires
  5 plants (D:3)
703 creatures vanquished.

Grand Total: 916 creatures vanquished

Notes
Turn   | Place    | Note
-------+----------+-------------------------------------------
     0 | D:1      | Morbidden the Djinni Fire Elementalist began the quest for
                  | the Orb.
     0 | D:1      | Reached XP level 1. HP: 15/15 MP: 0/0
   373 | D:1      | Reached XP level 2. HP: 19/21 MP: 0/0
   717 | D:1      | Found a faded altar of an unknown god.
  1037 | D:1      | Reached skill level 3 in Spellcasting
  1079 | D:1      | Reached XP level 3. HP: 17/25 MP: 0/0
  1079 | D:1      | Learned a level 1 spell: Sandblast
  2258 | D:2      | Reached XP level 4. HP: 26/31 MP: 0/0
  3173 | D:3      | Noticed a centaur
  3180 | D:3      | Killed a centaur
  3181 | D:3      | Reached skill level 1 in Fighting
  3181 | D:3      | Reached skill level 4 in Spellcasting
  3181 | D:3      | Reached XP level 5. HP: 9/37 MP: 0/0
  3181 | D:3      | Learned a level 2 spell: Ensorcelled Hibernation
  4214 | D:4      | Found a white marble altar of Elyvilon.
  4215 | D:4      | Noticed Blork the orc
  4230 | D:4      | Killed Blork the orc
  4231 | D:4      | Reached XP level 6. HP: 27/42 MP: 0/0
  4473 | D:4      | Noticed an ogre
  4479 | D:4      | Killed an ogre
  4480 | D:4      | Reached skill level 1 in Shields
  4480 | D:4      | Reached XP level 7. HP: 41/47 MP: 0/0
  4480 | D:4      | Learned a level 3 spell: Portal Projectile
  4768 | D:4      | Reached skill level 5 in Spellcasting
  4825 | D:4      | Found a broken altar of Ashenzari.
  4875 | D:4      | Reached skill level 1 in Armour
  5256 | D:4      | Found a staircase to the Ecumenical Temple.
  5286 | Temple   | Entered the Ecumenical Temple
  5500 | Temple   | Became a worshipper of Cheibriados the Contemplative
  5732 | D:4      | Reached XP level 8. HP: 46/54 MP: 0/0
  5896 | D:4      | Found a sacrificial altar of Ru.
  5942 | D:5      | Entered Level 5 of the Dungeon
  5942 | D:5      | Noticed a wyvern
  5945 | D:5      | Killed a wyvern
  5946 | D:5      | Reached skill level 1 in Invocations
  6050 | D:5      | Reached skill level 6 in Spellcasting
  6228 | D:5      | Reached * piety under Cheibriados
  6754 | D:5      | Found a hide-covered altar of Uskayaw.
  7130 | D:5      | Reached XP level 9. HP: 51/59 MP: 0/0
  7130 | D:5      | Learned a level 4 spell: Ice Form
  7301 | D:6      | Reached skill level 7 in Spellcasting
  7455 | D:6      | Found a glowing drain.
  7464 | Sewer    | Entered a sewer
  7681 | Sewer    | Reached ** piety under Cheibriados
  8457 | D:6      | Reached skill level 1 in Unarmed Combat
  8678 | D:6      | Killed an unseen horror
  8813 | D:6      | Found a runed translucent gate.
  8814 | D:6      | Found a runed translucent gate.
  8815 | D:6      | Found a runed translucent gate.
  8822 | D:6      | Found a shimmering altar of Xom.
  9097 | D:6      | Noticed Loefaen's ghost (novice DjGl)
  9132 | D:7      | Reached XP level 10. HP: 9/67 MP: 0/0
  9141 | D:7      | Reached *** piety under Cheibriados
  9147 | D:7      | Reached skill level 1 in Short Blades
  9343 | D:7      | Reached skill level 8 in Spellcasting
  9351 | D:7      | Reached skill level 5 in Dodging
 10688 | D:8      | Reached **** piety under Cheibriados
 11021 | D:8      | Found an opulent altar of Gozag.
 11498 | D:8      | Reached skill level 9 in Spellcasting
 11560 | D:9      | Noticed a centaur warrior
 11604 | D:9      | Found Melegodd's General Store.
 11729 | D:9      | Killed a centaur warrior
 11730 | D:9      | Reached XP level 11. HP: 43/74 MP: 0/0
 11730 | D:9      | Learned a level 4 spell: Leda's Liquefaction
 11982 | D:9      | Identified the +6 quarterstaff "Vikoqoh" {speed, Contam
                  | rF++ Int+6}
 12166 | D:9      | Noticed a boulder beetle
 12174 | D:9      | Noticed a sun demon
 12178 | D:9      | Slain by a sun demon

Illustrated notes

Levels and vault maps discovered:
D:1:      nicolae_arrival_washed_ashore, layout_loops_cross,
          hellmonk_ecumenical_altar_zigzags
D:2:      layout_rooms, minmay_misc_feat_chi
D:3:      layout_loops_ring, serial_bayou, serial_bayou_lagoon_a,
          serial_bayou_ford_a, serial_bayou_pond_e, serial_bayou_shore_a,
          serial_bayou_lake_a, serial_bayou_pond_d, minmay_misc_feat_roman,
          kennysheep_generic_room_7
D:4:      layout_cave_pools, overflow_temple_1_default,
          mainiacjoe_overflow_divided_tiny, lemuel_coloured_pillars_altar,
          minmay_temple_entry_hall, uniq_blork_the_orc
D:5:      layout_rooms, nicolae_uskayaw_murder_on_the_dancefloor,
          kennysheep_dice
D:6:      layout_cave_pools, mainiacjoe_overflow_alcove_2,
          ebering_ghost_rock_garden, portal_sewer_entry_d
D:7:      layout_rooms, mainiacjoe_overflow_alcove_1
D:8:      layout_gridville, mainiacjoe_overflow_alcove_4
D:9:      layout_loops_ring, serial_shops, nicolae_stop_n_shop_2,
          nzn_sisyphean_effort, uniq_harold
Temple:   dpeg_chambers_temple

Skill      XL: |  1  2  3  4  5  6  7  8  9 10 |
---------------+-------------------------------+-----
Spellcasting   | 3 4 5 6 7 9 |  9.4
Fighting       | 1 2 3 4 |  4.8
Dodging        | 3 4 5 |  5.6
Shields        | 1 2 3 4 |  4.0
Armour         | 1 2 3 |  3.5
Stealth        | 2 3 |  3.1
Invocations    | 1 2 3 |  3.9
Unarmed Combat | 2 3 |  3.2
Short Blades   | 1 |  1.3

Action                   |  1- 3 |  4- 6 |  7- 9 | 10-12 || total
-------------------------+-------+-------+-------+-------++-------
Melee: Dagger            |     2 |    11 |    19 |    22 ||    54
       Unarmed           |       |       |    33 |    10 ||    43
 Cast: Foxfire           |    77 |    80 |   186 |    78 ||   421
       Scorch            |     7 |    10 |    17 |    41 ||    75
       Ensorcelled Hiber |       |       |    10 |     6 ||    16
       Inner Flame       |       |       |    23 |    17 ||    40
       Ice Form          |       |       |     7 |     1 ||     8
       Flame Wave        |       |       |     3 |     4 ||     7
  Use: Scroll            |       |       |     2 |     2 ||     4
       Potion            |       |       |       |     7 ||     7
 Stab: Sleeping          |       |     1 |     6 |       ||     7
Armor: Robe              |     1 |       |       |       ||     1
       Leather armour    |       |     5 |    24 |    15 ||    44
       Skin              |       |       |     5 |     6 ||    11
       Chain mail        |       |       |       |    20 ||    20
Dodge: Dodged            |     3 |     9 |    38 |    40 ||    90
Block: Buckler           |       |     5 |     8 |    31 ||    44

Table legend: (Time is in decaauts)
 A = Elapsed time spent in this place.
 B = Non-inter-level travel time spent in this place.
 C = Inter-level travel time spent in this place.
 D = Time resting spent in this place.
 E = Time spent auto-exploring this place.
 F = Levels seen in this place.
 G = Mean time per level.
                   A        B        C        D        E       F      G
               +--------+--------+--------+--------+--------+-----+--------+
         Total |  13773 |  13354 |    419 |   2333 |   9317 |  11 | 1252.1 |
       Dungeon |  12377 |  12004 |    373 |   2294 |   8258 |   9 | 1375.2 |
        Temple |    249 |    204 |     45 |      0 |    189 |   1 |  249.0 |
         Sewer |   1147 |   1147 |      0 |     39 |    869 |   1 | 1147.0 |
               +--------+--------+--------+--------+--------+-----+--------+

Top non-repeatable levels by time:
     D:8: 2016 daAuts
     D:1: 1671 daAuts
     D:4: 1602 daAuts
     D:3: 1482 daAuts
     D:5: 1473 daAuts
     D:6: 1422 daAuts
   Sewer: 1147 daAuts
     D:2: 1030 daAuts
     D:7: 946 daAuts
     D:9: 732 daAuts
  Temple: 249 daAuts
